 Dungeon Crawl Stone Soup version 0.23-a0-344-ge122d05 (webtiles) character file.

84 Garbasso the Poker (level 4, -4/35 HPs)
             Began as a Merfolk Gladiator on Oct 19, 2018.
             Killed by divine providence
             ... invoked by an orc priest
              (10 damage)
             ... on level 1 of the Dungeon.
             The game lasted 00:08:25 (2269 turns).

Garbasso the Poker (Merfolk Gladiator)              Turns: 2269, Time: 00:08:25

Health: -4/35      AC:  6    Str: 15    XL:     4   Next: 45%
Magic:  4/4        EV: 13    Int:  7    God:
Gold:   128        SH:  0    Dex: 15    Spells: 3/3 levels left

rFire    . . .     SeeInvis .   a - +0 trident
rCold    . . .     Gourm    .   (no shield)
rNeg     . . .     Faith    .   s - +0 ring mail
rPois    .         Spirit   .   c - +0 helmet
rElec    .         Reflect  .   (no cloak)
rCorr    .         Harm     .   (no gloves)
MR       .....                  (no boots)
Stlth    +.........             (no amulet)
HPRegen  0.11/turn              (no ring)
MPRegen  0.09/turn              (no ring)

@: no status effects
A: change form in water, swift swim, stealthy swim
a: no special abilities


You were on level 1 of the Dungeon.
You were not hungry.

You visited 1 branch of the dungeon, and saw 2 of its levels.

You collected 128 gold pieces.

Inventory:

Hand Weapons
 a - a +0 trident (weapon)
 j - a +2 short sword of holy wrath
Missiles
 d - 3 throwing nets {=f}
 h - 137 stones (quivered)
Armour
 c - a +0 helmet (worn)
 s - a +0 ring mail (worn)
Jewellery
 n - an uncursed amulet of the acrobat {unknown}
Scrolls
 g - 2 scrolls of remove curse {unknown}
 i - a scroll of identify {unknown}
 k - a scroll of blinking {unknown}
 m - a scroll of magic mapping {unknown}
 p - a scroll of random uselessness {unknown}
Potions
 e - 3 potions of degeneration {unknown}
 l - a potion of brilliance {unknown}
 q - a potion of berserk rage {unknown}
 r - a potion of haste {unknown}
Comestibles
 b - 4 chunks of flesh
 f - 2 rations


   Skills:
 + Level 3.1 Fighting
 * Level 6.1 Polearms
 - Level 2.0 Throwing
 + Level 4.8 Dodging


You had 3 spell levels left.
You didn't know any spells.
Your spell library was empty.

Dungeon Overview and Level Annotations

Branches:
Dungeon (2/15)

Altars:
Ashenzari


Message History

The orc priest invokes the aid of Beogh against you.
You barely resist. The orc hits you but does no damage.
The orc priest invokes the aid of Beogh against you.
Beogh smites you!
You climb upwards.
There is a stone staircase leading down, spattered with blood here.
The orc priest casts a cantrip, but nothing happens.
Things that are here:
a +0 leather armour; a +0 club; an orc skeleton You hit the orc priest.
The orc priest is heavily wounded.
The orc hits you with a +0 club.
* * * LOW HITPOINT WARNING * * *
The orc priest hits you with a +0 hand axe.
* * * LOW HITPOINT WARNING * * *
The orc throws a stone.
The stone hits you but does no damage.
The orc priest mumbles some strange prayers to Beogh against you.
Beogh smites you!
You die...

#### ##########
...##### #####
#........##
......^# ##...##
#.###......
...###.#####..#[.#
#.###)##.##
.............###@#
#...#.##.##
...###.#####..#[.#
#.....##.## #.##
#.# ##.oo##
#...####.#
#.####.# ##[##
#..## #.# .......#
#.# #..#####.#
#'###### #.#
#........# ...##
#.# ##.########
....## ####.#
##.## ## .....##
##.##.## ##...##
##.


You could see an orc priest and an orc.

Vanquished Creatures
  An orc priest (D:1)
  An ooze (D:2)
  2 dart slugs (D:2)
  4 orcs
  3 giant cockroaches
  6 goblins
  5 hobgoblins
  4 jackals (D:1)
  2 ball pythons
  3 bats
  2 frilled lizards (D:1)
  7 kobolds
  A rat (D:2)
41 creatures vanquished.

Notes
Turn   | Place    | Note
-------+----------+-------------------------------------------
     0 | D:1      | Garbasso the Merfolk Gladiator began the quest for the Orb.
     0 | D:1      | Reached XP level 1. HP: 16/16 MP: 1/1
   167 | D:1      | Reached XP level 2. HP: 15/23 MP: 2/2
   348 | D:1      | Found a shattered altar of Ashenzari.
   565 | D:1      | Reached skill level 5 in Polearms
  1098 | D:1      | Reached XP level 3. HP: 28/28 MP: 3/3
  2211 | D:1      | Reached skill level 6 in Polearms
  2211 | D:1      | Reached XP level 4. HP: 30/35 MP: 4/4
  2269 | D:1      | Killed from afar by an orc priest

Vault maps used:
D:1:      scummos_arrival_star, nicolae_ashenzari_panopticon
D:2:      cheibrodos_pilgrimage

Skill      XL: |  1  2  3 |
---------------+----------+-----
Polearms       | 5 6 |  6.1
Fighting       | 3 |  3.1
Throwing       | |  2.0
Dodging        | |  4.8

Action                   |  1- 3 |  4- 6 || total
-------------------------+-------+-------++-------
Melee: Trident           |   137 |     7 ||   144
Throw: Stone             |    28 |       ||    28
 Stab: Sleeping          |     4 |       ||     4
  Eat: Chunk             |     4 |       ||     4
Armor: Leather armour    |    18 |       ||    18
       Ring mail         |     9 |     2 ||    11
Dodge: Dodged            |    80 |     6 ||    86

Table legend:
 A = Non-vault XP
 B = Vault XP
 C = Vault XP percentage of total XP
 D = Non-vault monster count
 E = Vault monster count
 F = Vault count percentage of total count
                 A         B        C        D         E       F
            +---------+---------+-------+---------+---------+-------
      Total |      67 |      53 |  44.2 |      36 |       5 |  12.2
            +---------+---------+-------+---------+---------+-------
        D:1 |      35 |      47 |  57.3 |      22 |       3 |  12.0
        D:2 |      32 |       6 |  15.8 |      14 |       2 |  12.5
            +---------+---------+-------+---------+---------+-------
